 Dungeon Crawl Stone Soup version 0.31.0-11-ge490571c62 (console) character file.

Game seed: 4797656127969903718

88 JoeltCo the Apothecary (level 4, -1/32 HPs)
             Began as a Gnoll Alchemist on Jan 27, 2024.
             Slain by Crazy Yiuf
             ... wielding a +4 quarterstaff of chaos
              (12 damage)
             ... on level 2 of the Dungeon.
             The game lasted 00:04:40 (2676 turns).

JoeltCo the Apothecary (Gnoll Alchemist)            Turns: 2676, Time: 00:04:41

Health: -1/32      AC:  2    Str: 12    XL:     4   Next: 54%
Magic:  8/11       EV: 13    Int: 16    God:
Gold:   103        SH:  0    Dex: 13    Spells: 3/13 levels left

rFire   . . .        b - +0 dagger (elec)
rCold   + . .        (no shield)
rNeg    . . .        a - +0 robe
rPois   .            (no helmet)
rElec   .            (no cloak)
rCorr   .            (no gloves)
SInv    .            (no boots)
Will    .....        (no amulet)
Stlth   +++          i - ring of Hilyaten {rC+ Str+5}
HPRegen 0.25/turn    c - ring of wizardry
MPRegen 0.12/turn

%: wizardry (x1)
@: no status effects
A: fangs 1, strong nose, distributed training
a: no special abilities


You were on level 2 of the Dungeon.
You visited 1 branch of the dungeon, and saw 2 of its levels.

You collected 103 gold pieces.

Inventory:

Hand Weapons
 b - a +0 dagger of electrocution (weapon)
Armour
 a - a +0 robe (worn)
Jewellery
 c - a ring of wizardry (right hand)
 i - the ring of Hilyaten (left hand) {rC+ Str+5}
   (You found it on level 2 of the Dungeon)

   [ring of protection from cold]

   Str+5:     It affects your strength (+5).
   rC+:       It protects you from cold.
Scrolls
 d - 2 scrolls of teleportation
 h - a scroll of fog
Potions
 e - a potion of cancellation {unknown}
 f - a potion of invisibility {unknown}
 g - a potion of brilliance {unknown}
 j - 2 potions of heal wounds {unknown}


   Skills:
 + Level 1.2 Fighting
 + Level 1.2 Short Blades
 + Level 1.2 Long Blades
 + Level 1.2 Axes
 + Level 1.2 Maces & Flails
 + Level 1.2 Polearms
 + Level 1.2 Staves
 + Level 1.2 Ranged Weapons
 + Level 1.2 Throwing
 + Level 1.2 Armour
 + Level 4.7 Dodging
 + Level 4.3 Stealth
 + Level 1.2 Shields
 + Level 1.2 Unarmed Combat
 + Level 5.1 Spellcasting
 + Level 2.3 Conjurations
 + Level 1.0 Hexes
 + Level 1.0 Summonings
 + Level 1.0 Necromancy
 + Level 1.0 Translocations
 + Level 1.0 Fire Magic
 + Level 1.0 Ice Magic
 + Level 1.0 Air Magic
 + Level 1.0 Earth Magic
 + Level 5.5 Alchemy
 + Level 1.3 Invocations
 + Level 1.2 Evocations
 + Level 1.1 Shapeshifting


You had 3 spell levels left.
You knew the following spells:

 Your Spells              Type           Power      Damage    Failure   Level
a - Sting                 Conj/Alch      64%        1d7       1%          1
b - Mercury Vapours       Alch/Air       28%        N/A       2%          2
c - Mephitic Cloud        Conj/Alch/Air  13%        N/A       6%          3
d - Olgreb's Toxic Radia  Alch           21%        N/A       6%          4

Your spell library contained the following spells:

 Spells                   Type           Power      Damage    Failure   Level
 Sticky Flame             Fire/Alch      14%        2d5       16%         4


Dungeon Overview and Level Annotations

Branches:
Dungeon (2/15)

Altars:

Annotations:
D:2 Crazy Yiuf


Innate Abilities, Weirdness & Mutations

You have very sharp teeth.
Your uncanny sense of smell can sniff out nearby items.
Your experience applies equally to all skills.


Message History

You can't see any susceptible monsters within range! (Use Z to cast anyway.) Sorry, you're not good enough to have a special ability.
Casting: Sting (safe; 1% risk of failure)
Confirm with . or Enter, or press ? or * to list all spells.
You don't know that spell.
Could not explore, unopened runed door.
Could not explore, unopened runed door.
As you read the scroll labelled NYRIFU NENIUFF, it dissolves into smoke.
It was a scroll of fog.
Okay, then.
Okay, then.
You open the door.
Casting: Sting (safe; 1% risk of failure)
Confirm with . or Enter, or press ? or * to list all spells.
Aiming: Sting (safe; 1% risk of failure)
Press: ? - help, Shift-Dir - straight line, f - Crazy Yiuf
Aim: Crazy Yiuf, wielding a +4 quarterstaff of chaos and wearing a +1 cloak (wandering, hasn't noticed you, 77% to hit)
The sting hits Crazy Yiuf.
Crazy Yiuf is poisoned.
Crazy Yiuf is lightly wounded.
Crazy Yiuf shouts!
Crazy Yiuf hits you with a +4 quarterstaff of chaos.
Casting: Sting (safe; 1% risk of failure)
Confirm with . or Enter, or press ? or * to list all spells.
Aiming: Sting (safe; 1% risk of failure)
Press: ? - help, Shift-Dir - straight line, f/p - Crazy Yiuf
Aim: Crazy Yiuf, wielding a +4 quarterstaff of chaos and wearing a +1 cloak (lightly wounded, poisoned, 77% to hit)
The sting hits Crazy Yiuf.
Crazy Yiuf looks even sicker.
Crazy Yiuf is moderately wounded.
Crazy Yiuf hits you with a +4 quarterstaff of chaos!
Crazy Yiuf freezes you.
Casting: Sting (safe; 1% risk of failure)
Confirm with . or Enter, or press ? or * to list all spells.
Aiming: Sting (safe; 1% risk of failure)
Press: ? - help, Shift-Dir - straight line, f/p - Crazy Yiuf
Aim: Crazy Yiuf, wielding a +4 quarterstaff of chaos and wearing a +1 cloak (moderately wounded, very poisoned, 77% to hit)
The sting misses Crazy Yiuf.
Crazy Yiuf yells, "Hack chair turtle!"
Crazy Yiuf hits you with a +4 quarterstaff of chaos.
You are electrocuted!
You die...

........#### #.#
..########.#
#.########
...........#
#........#
##########.#
########.# ......# #.#
#.# .####.# ### #.#
...<#.# #.# ..#.#.#
#.# ..###.###### ###
#.# ......#..#.##
###..)# #.#
#####.......####@g...#
#.# †.#
###......#§§##...# #.#
#.# ##.#..#.### ###
#.# #)# ######## #.#
#.# #.# #.# ### #.#
..# #.# #.# ### #.#
#.# #.# #.#
#.#########.#
#.).........#


You could see Crazy Yiuf (very poisoned).

Vanquished Creatures
  Robin (D:2)
  2 adders (D:2)
  A dart slug (D:2)
  8 ball pythons
  3 bats
  2 endoplasms (D:2)
  3 giant cockroaches (D:2)
  14 goblins
  6 hobgoblins
  6 kobolds
  A frilled lizard (D:2)
  4 rats
51 creatures vanquished.

Notes
Turn   | Place    | Note
-------+----------+-------------------------------------------
     0 | D:1      | JoeltCo the Gnoll Alchemist began the quest for the Orb.
     0 | D:1      | Reached XP level 1. HP: 13/13 MP: 6/6
   178 | D:1      | Reached XP level 2. HP: 19/19 MP: 3/7
  1090 | D:1      | Learned a level 2 spell: Mercury Vapours
  1359 | D:2      | Reached skill level 5 in Spellcasting
  1359 | D:2      | Reached XP level 3. HP: 25/25 MP: 6/9
  1591 | D:2      | Reached skill level 1 in Invocations
  1741 | D:2      | Noticed Robin
  1747 | D:2      | Learned a level 3 spell: Mephitic Cloud
  1818 | D:2      | Killed Robin
  1819 | D:2      | Reached skill level 1 in Fighting
  1819 | D:2      | Reached skill level 1 in Short Blades
  1819 | D:2      | Reached skill level 1 in Long Blades
  1819 | D:2      | Reached skill level 1 in Axes
  1819 | D:2      | Reached skill level 1 in Maces & Flails
  1819 | D:2      | Reached skill level 1 in Polearms
  1819 | D:2      | Reached skill level 1 in Staves
  1819 | D:2      | Reached skill level 1 in Ranged Weapons
  1819 | D:2      | Reached skill level 1 in Throwing
  1819 | D:2      | Reached skill level 1 in Armour
  1819 | D:2      | Reached skill level 1 in Shields
  1819 | D:2      | Reached skill level 1 in Unarmed Combat
  1819 | D:2      | Reached skill level 1 in Evocations
  1821 | D:2      | Reached skill level 1 in Shapeshifting
  1821 | D:2      | Reached XP level 4. HP: 27/32 MP: 0/11
  1999 | D:2      | Identified the ring of Hilyaten {rC+ Str+5}
  2223 | D:2      | Found a runed translucent door.
  2224 | D:2      | Noticed Crazy Yiuf
  2308 | D:2      | Reached skill level 1 in Hexes
  2308 | D:2      | Reached skill level 1 in Summonings
  2308 | D:2      | Reached skill level 1 in Necromancy
  2308 | D:2      | Reached skill level 1 in Translocations
  2308 | D:2      | Reached skill level 1 in Fire Magic
  2308 | D:2      | Reached skill level 1 in Ice Magic
  2308 | D:2      | Reached skill level 1 in Air Magic
  2308 | D:2      | Reached skill level 1 in Earth Magic
  2313 | D:2      | Learned a level 4 spell: Olgreb's Toxic Radiance
  2676 | D:2      | Slain by Crazy Yiuf

Illustrated notes

Levels and vault maps discovered:
D:1:      wander_arrival_abandoned_jail, layout_basic
D:2:      layout_basic, ebering_dispersal_statue_hall, uniq_robin,
          uniq_crazy_yiuf_cottage

Skill      XL: |  1  2  3  4 |
---------------+-------------+-----
Conjurations   | 2 |  2.3
Spellcasting   | 5 |  5.1
Invocations    | 1 |  1.3
Fighting       | 1 |  1.2
Short Blades   | 1 |  1.2
Long Blades    | 1 |  1.2
Axes           | 1 |  1.2
Maces & Flails | 1 |  1.2
Polearms       | 1 |  1.2
Staves         | 1 |  1.2
Ranged Weapons | 1 |  1.2
Throwing       | 1 |  1.2
Armour         | 1 |  1.2
Shields        | 1 |  1.2
Unarmed Combat | 1 |  1.2
Evocations     | 1 |  1.2
Shapeshifting  | 1 |  1.1
Hexes          | 1 |  1.0
Summonings     | 1 |  1.0
Necromancy     | 1 |  1.0
Translocations | 1 |  1.0
Fire Magic     | 1 |  1.0
Ice Magic      | 1 |  1.0
Air Magic      | 1 |  1.0
Earth Magic    | 1 |  1.0
Dodging        | |  4.7
Stealth        | |  4.3
Alchemy        | |  5.5

Action                     |  1- 3 |  4- 6 || total
---------------------------+-------+-------++-------
  Melee: Unarmed           |     6 |     1 ||     7
         Bite              |     1 |     1 ||     2
         Dagger            |       |     5 ||     5
   Cast: Sting             |    71 |    21 ||    92
         Mercury Vapours   |     3 |       ||     3
         Mephitic Cloud    |     1 |       ||     1
    Use: Scroll            |     4 |     1 ||     5
         Potion            |     1 |       ||     1
   Stab: Sleeping          |       |     1 ||     1
 Armour: Robe              |    26 |     6 ||    32
  Dodge: Dodged            |    35 |    10 ||    45
